 Dungeon Crawl Stone Soup version 0.30.0-15-g856e2d3f33 (webtiles) character file.

Game seed: 9078338671067257648

70 saiaiaiai the Vexing (level 4, 0/30 HPs)
             Began as a Barachi Enchanter on May 19, 2023.
             Slain by Natasha (2 damage)
             ... on level 3 of the Dungeon.
             The game lasted 00:10:27 (2620 turns).

saiaiaiai the Vexing (Barachi Enchanter)            Turns: 2620, Time: 00:10:28

Health: 0/30       AC:  2    Str:  9    XL:     4   Next: 21%
Magic:  2/7        EV: 12    Int: 17    God:
Gold:   132        SH:  0    Dex: 13    Spells: 2/7 levels left

rFire   . . .        a - +0 dagger (speed)
rCold   . . .        (no shield)
rNeg    . . .        b - +0 robe
rPois   .            p - +0 hat
rElec   .            (no cloak)
rCorr   .            (no gloves)
SInv    .            (no boots)
Will    .....        c - amulet of the acrobat
Stlth   ++           (no ring)
HPRegen 0.25/turn    (no ring)
MPRegen 0.10/turn

%: acrobat
@: invisible, slow
A: amphibious, slowness 1, strong legs 1, +LOS
a: Hop


You were on level 3 of the Dungeon.
You visited 1 branch of the dungeon, and saw 3 of its levels.

You collected 132 gold pieces.

Inventory:

Hand Weapons
 a - a +0 dagger of speed (weapon)
Missiles
 d - 5 poisoned darts
Armour
 b - a +0 robe (worn)
 p - a +0 hat (worn)
Magical Staves
 l - a staff of conjuration
Jewellery
 c - an amulet of the acrobat (around neck)
Scrolls
 f - a scroll of fear {unknown}
 i - 2 scrolls of vulnerability
 k - a scroll of noise {unknown}
 m - a scroll of identify {unknown}
 o - 2 scrolls of fog
 r - a scroll of torment {unknown}
Potions
 e - 2 potions of invisibility
 g - 3 potions of mutation {unknown}
 h - a potion of resistance {unknown}
 j - 2 potions of flight {unknown}
 n - 3 potions of curing {unknown}
 q - a potion of magic {unknown}


   Skills:
 - Level 2.3 Short Blades
 - Level 2.1 Dodging
 + Level 3.5 Stealth
 - Level 2.1 Spellcasting
 + Level 0.8 Conjurations
 + Level 4.0 Hexes
 + Level 0.1 Earth Magic


You had 2 spell levels left.
You knew the following spells:

 Your Spells              Type           Power      Damage    Failure   Level
a - Confusing Touch       Hex            15%        N/A       11%         3
b - Ensorcelled Hibernat  Hex/Ice        16%        N/A       13%         2

Your spell library contained the following spells:

 Spells                   Type           Power      Damage    Failure   Level
 Tukima's Dance           Hex            15%        N/A       11%         3
 Dazzling Flash           Conj/Hex       20%        N/A       21%         3
 Stone Arrow              Conj/Erth      6%         3d7       43%         3
 Animate Armour           Summ/Erth      4%         N/A       88%         4
 Alistair's Intoxication  Tmut/Pois      0%         N/A       99%         5
 Borgnjor's Vile Clutch   Necr/Erth      1%         N/A       99%         5
 Eringya's Noxious Bog    Tmut/Pois      0%         N/A       100%        6
 Lehudib's Crystal Spear  Conj/Erth      1%         10d2      100%        8


Dungeon Overview and Level Annotations

Branches:
Dungeon (3/15)

Altars:

Annotations:
D:3 Natasha, Terence


Innate Abilities, Weirdness & Mutations

You are amphibious.
You cover ground slowly.
You can hop short distances.
You have an extended range of vision and can be seen from far away.


Message History

Okay, then.
Natasha casts a spell.
Aiming: Ensorcelled Hibernation (safe; 13% risk of failure)
Press: ? - help, Shift-Dir - straight line, f - Natasha
Aim: Natasha, carrying a wand of flame (19) (chance to affect: 41%) Natasha looks drowsy...
The cerulean imp barely misses you.
The cerulean imp hits you but does no damage.
Natasha hisses angrily.
You hit Natasha.
Natasha is lightly wounded.
Natasha zaps a wand.
The puff of flame hits you!
The spell is quite dangerous to miscast (11% risk of failure)!
Continue anyway? [Y]es or [N]o only, please.
The spell is quite dangerous to miscast (11% risk of failure)!
Continue anyway? [Y]es or [N]o only, please.
The spell is quite dangerous to miscast (11% risk of failure)!
Continue anyway?
Your hands begin to glow red.
The cerulean imp closely misses you. Natasha claws you.
* * * LOW HITPOINT WARNING * * *
You hit Natasha but do no damage.
Natasha appears confused.
Natasha is lightly wounded.
The cerulean imp closely misses you.
You hit Natasha but do no damage.
Natasha is lightly wounded.
Natasha claws you.
* * * LOW HITPOINT WARNING * * *
You barely miss Natasha.
Natasha is lightly wounded.
The cerulean imp hits you with a +1 spear.
* * * LOW HITPOINT WARNING * * *
You fade into invisibility!
The cerulean imp hits you with a +1 spear.
* * * LOW HITPOINT WARNING * * *
You hit Natasha.
Natasha is moderately wounded.
The cerulean imp barely misses you.
You hit Natasha.
Natasha is moderately wounded.
Natasha claws you.
You die...

####.....### #.......
#.......!..## #.......
#...........### #.......
#.......[.....# #.......
#.........$##.#
####.#####
#..........##.# #.......#
#..........##.# #.......#
#..........##h#
##.......#
####...!......##@###
#........#
........รท......5...#
##.########
#####.########.....###..#
#5# #......##.####### #.#
#...............# #<#
####.....#..>......# ###
#........#.........#
#......###.........#
#......###.........#


You could see Natasha (confused) and a cerulean imp (summoned, unable to see
you).

Vanquished Creatures
  An adder (D:2)
  2 worms (D:2)
  2 dart slugs
  5 bats
  2 giant cockroaches (D:1)
  3 goblins
  5 hobgoblins
  4 jackals (D:1)
  3 quokkas
  8 ball pythons
  3 frilled lizards
  A kobold (D:1)
  10 rats
49 creatures vanquished.

Notes
Turn   | Place    | Note
-------+----------+-------------------------------------------
     0 | D:1      | saiaiaiai the Barachi Enchanter began the quest for the
                  | Orb.
     0 | D:1      | Reached XP level 1. HP: 13/13 MP: 3/3
   233 | D:1      | Reached XP level 2. HP: 19/19 MP: 5/5
   614 | D:1      | Reached XP level 3. HP: 24/24 MP: 6/6
   914 | D:1      | Learned a level 3 spell: Confusing Touch
   917 | D:1      | Learned a level 2 spell: Ensorcelled Hibernation
  1420 | D:2      | Found a faded altar of an unknown god.
  2011 | D:2      | Reached skill level 4 in Hexes
  2011 | D:2      | Reached XP level 4. HP: 30/30 MP: 4/7
  2177 | D:3      | Noticed Natasha
  2221 | D:3      | Noticed Terence
  2618 | D:3      | HP: 1/30 [cerulean imp/+1 spear[Natasha] (1)]
  2620 | D:3      | Slain by Natasha

Illustrated notes

Levels and vault maps discovered:
D:1:      matt_arrival_spirals, layout_basic, kennysheep_decorative_pillar,
          kennysheep_boxes
D:2:      minmay_alternating_diamond, layout_basic,
          hellmonk_ecumenical_altar_leap_of_faith
D:3:      layout_basic, mainiacjoe_overflow_alcove_1,
          gammafunk_ghost_necromancy, uniq_sigmund, uniq_terence, uniq_natasha

Skill      XL: |  1  2  3 |
---------------+----------+-----
Stealth        | 3 |  3.5
Short Blades   | 2 |  2.3
Hexes          | 4 |  4.0
Dodging        | |  2.1
Spellcasting   | |  2.1
Conjurations   | |  0.8
Earth Magic    | |  0.1

Action                     |  1- 3 |  4- 6 || total
---------------------------+-------+-------++-------
  Melee: Dagger            |   136 |    30 ||   166
         Punch             |     2 |       ||     2
   Cast: Ensorcelled Hiber |    12 |     7 ||    19
         Confusing Touch   |       |     1 ||     1
Ability: Hop               |     2 |       ||     2
    Use: Scroll            |     1 |     1 ||     2
         Potion            |       |     1 ||     1
   Stab: Sleeping          |    13 |     6 ||    19
         Distracted        |     1 |       ||     1
 Armour: Robe              |    27 |     6 ||    33
  Dodge: Dodged            |    99 |    21 ||   120
